 Dungeon Crawl Stone Soup version 0.26-a0-113-gd8a95b6 (webtiles) character file.

Game seed: 11873119426975225471

3201 Chirpers the Covered (level 9, 0/85 HPs)
             Began as a Naga Fighter on June 26, 2020.
             Was a Believer of the Shining One.
             Slain by a basilisk (12 damage)
             ... on level 8 of the Dungeon.
             The game lasted 00:15:32 (11125 turns).

Chirpers the Covered (Naga Fighter)                Turns: 11125, Time: 00:15:33

Health: 0/85       AC:  8    Str: 21    XL:     9   Next: 96%
Magic:  9/9        EV:  9    Int:  9    God:    the Shining One [**....]
Gold:   493        SH: 10    Dex: 13    Spells: 8/8 levels left

rFire    . . .     SeeInvis +   L - +3 spear (venom)
rCold    + . .     Faith    +   c - +0 kite shield
rNeg     + . .     Spirit   .   G - +0 ring mail of Fapuurie {Harm rElec rC+ Dex+2} (curse)
rPois    +         Reflect  .   (no helmet)
rElec    +         Harm     +   z - +0 cloak
rCorr    .                      (no gloves)
MR       +....                  (no barding)
Stlth    +.........             H - amulet of faith
HPRegen  0.24/turn              E - ring of see invisible
MPRegen  0.11/turn              (no ring)

@: glowing, very slow
A: large, see invisible, deformed body, poison resistance, slowness 2, slow
metabolism 1, spit poison 1, AC +3
a: Spit Poison, Divine Shield, Renounce Religion


You were on level 8 of the Dungeon.
You worshipped the Shining One.
The Shining One was pleased with you.
You were not hungry.

You visited 2 branches of the dungeon, and saw 9 of its levels.

You collected 493 gold pieces.

Inventory:

Hand Weapons
 b - a +4 halberd of freezing
 i - a +2 short sword of speed
 q - a +0 dagger of holy wrath
 B - a +4 scythe
 K - a +3 quarterstaff of chaos
 L - a +3 spear of venom (weapon)
 P - a +3 spear of venom
Armour
 c - a +0 kite shield (worn)
 t - a +0 leather armour of cold resistance
 y - a +0 ring mail of fire resistance
 z - a +0 cloak (worn)
 G - the cursed +0 ring mail of Fapuurie (worn) {Harm rElec rC+ Dex+2}
   (You found it on level 5 of the Dungeon)

   It affects your dexterity (+2).
   It protects you from cold.
   It insulates you from electricity.
   It increases damage dealt and taken.
   It has a curse placed upon it.
 N - a +2 scale mail of poison resistance
Magical Staves
 Q - an uncursed staff of poison
Jewellery
 n - an uncursed ring of ice
 u - an uncursed amulet of the acrobat
 E - a ring of see invisible (left hand)
 H - an amulet of faith (around neck)
 J - an uncursed amulet of reflection
Wands
 e - a wand of flame (14)
 D - a wand of random effects (10)
Scrolls
 a - a scroll of enchant armour
 g - 4 scrolls of amnesia
 k - 2 scrolls of teleportation
 v - a scroll of noise {unknown}
 x - 3 scrolls of enchant weapon
 C - a scroll of immolation
 M - 2 scrolls of magic mapping
Potions
 d - a potion of might
 h - 2 potions of brilliance
 j - a potion of ambrosia {unknown}
 m - 2 potions of lignification
 o - 2 potions of haste
 p - a potion of degeneration {unknown}
 r - a potion of berserk rage
 s - a potion of heal wounds
 w - 4 potions of curing
 A - a potion of resistance
 F - 2 potions of stabbing {unknown}
 I - a potion of flight
Comestibles
 f - 12 rations


   Skills:
 + Level 6.8 Fighting
   Level 2.0 Long Blades
 + Level 7.4 Armour
 + Level 3.9 Dodging
 + Level 4.5 Stealth
 + Level 6.1 Shields


You had 8 spell levels left.
You didn't know any spells.
Your spell library contained the following spells:

 Spells                   Type           Power        Failure   Level  Hunger
 Magic Dart               Conj           #...         75%         1    ##.....
 Blink                    Tloc           N/A          87%         2    ###....
 Call Imp                 Summ           #.......     87%         2    ###....
 Slow                     Hex            #.......     87%         2    ###....
 Conjure Flame            Conj/Fire      #.......     98%         3    ####...
 Mephitic Cloud           Conj/Pois/Air  #.......     98%         3    ####...


Dungeon Overview and Level Annotations

Branches:
Dungeon (8/15)             Temple (1/1) D:5            Lair (0/6) D:8

Altars:
Cheibriados
Dithmenos
Elyvilon
Fedhas
Gozag
Kikubaaqudgha
Makhleb
Okawaru
Qazlal
Ru
Sif Muna
Trog
Uskayaw
Vehumet
Wu Jian
Xom
Yredelemnul
The Shining One


Innate Abilities, Weirdness & Mutations

You cannot wear boots.
Your serpentine skin is tough. (AC +3)
You have supernaturally acute eyesight. (SInv)
Armour fits poorly on your strangely shaped body.
Your system is resistant to poisons. (rPois)
You cover ground very slowly.
You have a slow metabolism.
You can spit poison.


Message History

The basilisk is moderately wounded.
The basilisk gazes at you.
You easily resist.
You hit the basilisk.
The basilisk is heavily wounded.
The basilisk bites you!
* * * LOW HITPOINT WARNING * * *
You block the basilisk's attack.
You hit the basilisk.
The basilisk looks as sick as possible!
The basilisk is severely wounded.
The basilisk gazes at you.
You easily resist.
You closely miss the basilisk.
The basilisk is severely wounded.
The basilisk bites you! The Shining One protects you from harm!
You barely miss the basilisk.
The basilisk is severely wounded.
The basilisk bites you!
You die...

....P.PP$.
......P.P.
..)..P.h.
.......
#.... #h.♣
#t# #l#
#@# #.#
#.# #.#
... #.#
.!. ...


You could see a basilisk (extremely poisoned), a crocodile and a wolf.

Vanquished Creatures
  Sigmund (D:4)
  A basilisk (D:8)
  A hungry ghost (D:7)
  A water moccasin (D:4)
  A porcupine (D:8)
  2 phantoms
  A wolf (D:8)
  2 centaurs
  3 ogres
  A crocodile (D:8)
  4 bullfrogs
  3 gnoll sergeants (D:7)
  A scorpion (D:6)
  4 wights (D:7)
  2 howler monkeys
  A crimson imp (D:7)
  A bullfrog zombie (D:7)
  3 centaur skeletons
  2 jellies
  4 hounds
  A gnoll shaman (D:7)
  3 orc priests
  Crazy Yiuf (D:6)
  An iguana (D:6)
  5 worker ants
  4 orc wizards
  A hound zombie (D:7)
  A worker ant zombie (D:7)
  A howler monkey zombie (D:5)
  9 gnolls (D:7)
  14 adders
  2 shadow imps
  2 adder zombies
  5 worms
  4 leopard geckos
  19 orcs
  4 bats
  2 giant cockroaches
  14 hobgoblins
  11 jackals
  A quokka (D:3)
  7 frilled lizards
  6 goblins
  12 kobolds
  5 rats
  2 plants (D:7)
176 creatures vanquished.

Vanquished Creatures (others)
  3 plants (D:7)
3 creatures vanquished.

Grand Total: 179 creatures vanquished

Notes
Turn   | Place    | Note
-------+----------+-------------------------------------------
     0 | D:1      | Chirpers the Naga Fighter began the quest for the Orb.
     0 | D:1      | Reached XP level 1. HP: 21/21 MP: 1/1
     6 | D:1      | Noticed a black bear
     7 | D:1      | Noticed a wolf
     7 | D:1      | Noticed a water moccasin
   289 | D:1      | Reached XP level 2. HP: 28/28 MP: 2/2
   898 | D:2      | Reached skill level 3 in Armour
   904 | D:2      | Reached XP level 3. HP: 31/34 MP: 3/3
  1288 | D:2      | Found an iron altar of Okawaru.
  1825 | D:3      | Reached XP level 4. HP: 38/42 MP: 4/4
  1970 | D:3      | Found a hide-covered altar of Uskayaw.
  1971 | D:3      | Noticed a +0 dagger
  1972 | D:3      | Noticed a +0 dagger
  2711 | D:3      | Found a faded altar of an unknown god.
  2788 | D:3      | Found a sacrificial altar of Ru.
  2892 | D:4      | Reached XP level 5. HP: 49/49 MP: 5/5
  2994 | D:4      | Reached skill level 4 in Armour
  3036 | D:4      | Reached XP level 6. HP: 29/57 MP: 6/6
  3117 | D:4      | Reached skill level 1 in Stealth
  3334 | D:4      | Noticed Sigmund
  3761 | D:4      | Killed Sigmund
  3761 | D:4      | Reached skill level 5 in Armour
  3761 | D:4      | Reached skill level 1 in Dodging
  3761 | D:4      | Reached XP level 7. HP: 56/64 MP: 7/7
  4110 | D:4      | HP: 3/64 [orc priest/divine providence (12)]
  4117 | D:4      | HP: 1/64 [orc/cursed +0 mace (3)]
  4480 | D:4      | Found a stormy altar of Qazlal.
  4627 | D:5      | Entered Level 5 of the Dungeon
  4671 | D:4      | HP: 3/64 [poisoned by a water moccasin]
  4676 | D:4      | HP: 2/64 [poisoned by a water moccasin]
  4683 | D:4      | HP: 1/64 [poisoned by a water moccasin]
  4691 | D:4      | HP: 1/64 [poisoned by a water moccasin]
  5164 | D:5      | Found a staircase to the Ecumenical Temple.
  5184 | Temple   | Entered the Ecumenical Temple
  5282 | Temple   | Became a worshipper of the Shining One
  5734 | D:5      | Found a blossoming altar of Fedhas.
  5746 | D:5      | Reached XP level 8. HP: 59/73 MP: 8/8
  5827 | D:5      | Found an ancient bone altar of Kikubaaqudgha.
  5920 | D:5      | Found a basalt altar of Yredelemnul.
  5983 | D:5      | Reached skill level 6 in Armour
  6256 | D:5      | Got a distressingly furry ring mail
  6267 | D:5      | Identified the cursed +0 ring mail of Fapuurie {Harm rElec
                  | rC+ Dex+2} (You found it on level 5 of the Dungeon)
  6710 | D:6      | Reached skill level 5 in Fighting
  7032 | D:6      | Found a runed translucent door.
  7033 | D:6      | Noticed Crazy Yiuf
  7038 | D:6      | Killed Crazy Yiuf
  7882 | D:7      | Reached skill level 5 in Shields
  7882 | D:7      | Reached XP level 9. HP: 77/82 MP: 9/9
  7933 | D:7      | Reached * piety under the Shining One
  7934 | D:7      | HP: 1/82 [wight/cursed +2 spear (6)]
  7941 | D:7      | HP: 2/82 [wight/+0 battleaxe (1)]
  9781 | D:7      | Reached skill level 7 in Armour
 10775 | D:8      | Noticed a tengu warrior
 10776 | D:8      | Noticed a tengu warrior
 10776 | D:8      | Reached ** piety under the Shining One
 10778 | D:8      | Noticed a manticore
 11095 | D:8      | Found a staircase to the Lair.
 11124 | D:8      | The Shining One protects you from harm!
 11125 | D:8      | Slain by a basilisk

Illustrated notes

Levels and vault maps discovered:
D:1:      onia_arrival_zoo_common, layout_basic
D:2:      layout_loops_cross, okawaru_gym_becter, minmay_heptomino_l4
D:3:      layout_loops_cross, dancing_weapons_uskayaw,
          chequers_ecumenical_altar_grove, nicolae_ru_the_path_less_chosen
D:4:      layout_rooms, nicolae_qazlal_eye_of_the_storm, uniq_sigmund
D:5:      layout_gridville, grunt_temple_overflow_growth_and_decay,
          yredelemnul_altar_generic, minmay_temple_entry_slanted, first_ration
D:6:      layout_loops_corners, uniq_crazy_yiuf_cottage
D:7:      kennysheep_housing_project, layout_gridville
D:8:      minmay_blocky_corners, layout_rooms,
          chequers_temple_overflow_minitemple, minmay_lair_entry_grove
Temple:   hc_temple_tempest_star

Skill      XL: |  1  2  3  4  5  6  7  8  9 |
---------------+----------------------------+-----
Armour         | 3 4 5 6 7 |  7.4
Shields        | 3 5 6 |  6.1
Stealth        | 2 3 4 |  4.5
Fighting       | 4 5 6 |  6.8
Dodging        | 1 2 3 |  3.9
Long Blades    | |  2.0

Action                   |  1- 3 |  4- 6 |  7- 9 || total
-------------------------+-------+-------+-------++-------
Melee: Long sword        |    32 |       |       ||    32
       Short sword       |    70 |   208 |   300 ||   578
       Dagger            |       |       |   134 ||   134
       Spear             |       |       |   107 ||   107
       Halberd           |       |       |     8 ||     8
 Abil: Spit Poison       |     1 |    12 |    25 ||    38
  Use: Scroll            |       |       |    18 ||    18
       Potion            |       |       |     2 ||     2
  Eat: Chunk             |     2 |     6 |    17 ||    25
       Ration            |       |       |     2 ||     2
Armor: Scale mail        |    44 |    52 |       ||    96
       Ring mail         |       |     1 |   114 ||   115
Dodge: Dodged            |    19 |    35 |   122 ||   176
Block: Kite shield       |    38 |    74 |   215 ||   327
       Rpst.: Long sword |     4 |       |       ||     4

Table legend:
 A = Non-vault XP
 B = Vault XP
 C = Vault XP percentage of total XP
 D = Non-vault monster count
 E = Vault monster count
 F = Vault count percentage of total count
                 A         B        C        D         E       F
            +---------+---------+-------+---------+---------+-------
      Total |    2912 |    1661 |  36.3 |     135 |      39 |  22.4
            +---------+---------+-------+---------+---------+-------
        D:1 |      24 |       0 |   0.0 |      15 |       0 |   0.0
        D:2 |      39 |       5 |  11.4 |      14 |       3 |  17.6
        D:3 |     111 |       0 |   0.0 |      28 |       0 |   0.0
        D:4 |     605 |     220 |  26.7 |      27 |       1 |   3.6
        D:5 |     408 |       0 |   0.0 |      11 |       0 |   0.0
        D:6 |     585 |      37 |   5.9 |      16 |       1 |   5.9
        D:7 |     974 |     841 |  46.3 |      22 |      30 |  57.7
        D:8 |     166 |     558 |  77.1 |       2 |       4 |  66.7
            +---------+---------+-------+---------+---------+-------
